 Dungeon Crawl Stone Soup version 0.31-a0-1009-g454b1f1e0a (webtiles) character file.

Game seed: 13581568912365317095

153093 CrazyBamboolord the Warrior (level 17, -9/117 HPs)
             Began as a Gargoyle Fighter on Nov 15, 2023.
             Was the Champion of the Shining One.
             Mangled by a radroach (26 damage)
             ... on level 1 of the Spider Nest.
             The game lasted 00:50:36 (21047 turns).

CrazyBamboolord the Warrior (Gargoyle Fighter)     Turns: 21047, Time: 00:50:36

Health: -9/117     AC: 39    Str: 30    XL:     17   Next: 30%
Magic:  34/34      EV: 14    Int: 20    God:    the Shining One [******]
Gold:   2184       SH:  0    Dex:  8    Spells: 16/16 levels left

rFire   + + .        K - +9 eveningstar of Abuse {elec, Int+3}
rCold   + + +        k - +3 buckler of Anaesthesia {rF+ Str+2}
rNeg    + + +        F - +4 chain mail {rN+}
rPois   ∞            u - +2 hat {Stlth+}
rElec   +            Z - scarf {rC+ rF+}
rCorr   +            M - +2 pair of gloves
SInv    .            n - +1 pair of boots "Mikorgheo" {rCorr Int+8 Dex-3 Stlth-}
Will    ++...        l - amulet of regeneration Stlth
                     c - ring "Caowywk" {+Blink Fly rC+ Will+}
HPRegen 1.19/turn    i - ring "Laawougig" {rC+ MP+9 EV+5 Dex+2}
MPRegen 0.24/turn

%: no passive effects
@: confused, flying, slightly contaminated, glowing
A: sickness immunity, AC +12, big wings, negative energy resistance 1,
electricity resistance, torment resistance 1, petrification resistance
}: 1/15 runes: decaying
a: Renounce Religion, Evoke Blink, Divine Shield, Cleansing Flame, Summon Divine
Warrior, Brand Weapon With Holy Wrath


You were on level 1 of the Spider Nest.
You worshipped the Shining One.
The Shining One was exalted by your worship.
You visited 6 branches of the dungeon, and saw 25 of its levels.
You also visited: Ice Cave.

You collected 3475 gold pieces.
You spent 1291 gold pieces at shops.

Inventory:

Hand Weapons
 K - the +9 eveningstar of Abuse (weapon) {elec, Int+3}
   (You took it off a kobold brigand on level 7 of the Dungeon)

   Int+3:     It affects your intelligence (+3).
 O - the +8 whip "Snakebite" {venom, curare, rPois}
   (You found it on level 9 of the Dungeon)

   rPois:     It protects you from poison
Missiles
 v - a throwing net
Armour
 k - the +3 buckler of Anaesthesia (worn) {rF+ Str+2}
   (You found it on level 7 of the Dungeon)

   Str+2:     It affects your strength (+2).
   rF+:       It protects you from fire.
 n - the +1 pair of boots "Mikorgheo" (worn) {rCorr Int+8 Dex-3 Stlth-}
   (You acquired it on level 1 of the Lair of Beasts)

   Int+8:     It affects your intelligence (+8).
   Dex-3:     It affects your dexterity (-3).
   rCorr:     It protects you from acid and corrosion.
   Stlth-:    It makes you less stealthy.
 u - a +2 hat of stealth (worn)
 F - a +4 chain mail of positive energy (worn)
 M - a +2 pair of gloves (worn)
 T - a +2 chain mail of cold resistance
 Z - a scarf of resistance (worn)
Jewellery
 c - the ring "Caowywk" (left hand) {+Blink Fly rC+ Will+}
   (You bought it in a shop on level 2 of the Orcish Mines)

   [ring of flight]

   rC+:       It protects you from cold.
   Will+:     It increases your willpower.
   Fly:       It grants you flight.
   +Blink:    It lets you blink.
 i - the ring "Laawougig" (right hand) {rC+ MP+9 EV+5 Dex+2}
   (You found it on level 2 of the Lair of Beasts)

   [ring of evasion]

   EV+5:      It affects your evasion (+5).
   Dex+2:     It affects your dexterity (+2).
   rC+:       It protects you from cold.
   MP+9:      It affects your magic capacity (+9).
 l - an amulet of regeneration (around neck)
 N - a ring of fire
 P - a ring of ice
Wands
 d - a wand of mindburst (36)
 t - a wand of flame (125)
 A - a wand of polymorph (25)
 G - a wand of paralysis (25) (quivered)
 R - a wand of acid (5)
 X - a wand of roots (10)
Scrolls
 a - 4 scrolls of teleportation
 b - 4 scrolls of blinking
 f - 2 scrolls of butterflies
 m - 3 scrolls of fear
 q - 8 scrolls of poison
 r - 5 scrolls of immolation
 s - 2 scrolls of silence
 w - 2 scrolls of revelation
 y - 4 scrolls of enchant armour
 C - 5 scrolls of enchant weapon
 D - 2 scrolls of vulnerability
 U - 3 scrolls of fog
Potions
 g - a potion of might
 h - a potion of resistance {unknown}
 j - a potion of enlightenment {unknown}
 o - 5 potions of cancellation
 p - a potion of berserk rage {unknown}
 x - a potion of attraction {unknown}
 z - 6 potions of curing
 B - 2 potions of brilliance
 E - 5 potions of heal wounds
 H - 4 potions of mutation {unknown}
 L - 2 potions of degeneration {unknown}
 Q - 2 potions of haste
 S - 3 potions of invisibility {unknown}
 V - 3 potions of ambrosia
 W - a potion of lignification {unknown}
 Y - a potion of magic {unknown}
Miscellaneous
 I - a box of beasts


   Skills:
 * Level 17.3 Fighting
 * Level 15.8 Maces & Flails
 * Level 17.3 Armour
 + Level 15.8 Shields
 + Level 11.3 Invocations


You had 16 spell levels left.
You didn't know any spells.
Your spell library contained the following spells:

 Spells                   Type           Power      Damage    Failure   Level
 Freeze                   Ice            0%         1d3       45%         1
 Ensorcelled Hibernation  Hex/Ice        0%         N/A       61%         2
 Passwall                 Tmut/Erth      0%         N/A       61%         2
 Scorch                   Fire           0%         2d5       61%         2
 Wereblood                Tmut           0%         N/A       61%         2
 Dazzling Flash           Conj/Hex       0%         N/A       83%         3
 Frozen Ramparts          Ice            0%         1d1       83%         3
 Hailstorm                Conj/Ice       0%         3d3       83%         3
 Ignite Poison            Fire/Tmut/Pois 0%         N/A       83%         3
 Inner Flame              Hex/Fire       0%         N/A       83%         3
 Ozocubu's Armour         Ice            0%         N/A       83%         3
 Stone Arrow              Conj/Erth      0%         3d7       83%         3
 Swiftness                Air            0%         N/A       83%         3
 Volatile Blastmotes      Fire/Tloc      0%         2d10      83%         3
 Petrify                  Tmut/Erth      0%         N/A       99%         4
 Sticky Flame             Conj/Fire      0%         2d3       99%         4
 Freezing Cloud           Conj/Ice/Air   0%         6-21      100%        5
 Irradiate                Conj/Tmut      0%         3d11      100%        5
 Metabolic Englaciation   Hex/Ice        0%         N/A       100%        5
 Summon Forest            Summ/Tloc      0%         N/A       100%        5
 Summon Mana Viper        Hex/Summ       0%         N/A       100%        5
 Yara's Violent Unravell  Hex/Tmut       0%         3d3       100%        5
 Simulacrum               Ice/Necr       0%         N/A       100%        6
 Starburst                Conj/Fire      0%         6d3       100%        6
 Summon Cactus Giant      Summ           0%         N/A       100%        6
 Enfeeble                 Hex            0%         N/A       100%        7
 Ignition                 Fire           0%         3d3       100%        8
 Maxwell's Capacitive Co  Air            0%         ∞         100%        8
 Fire Storm               Conj/Fire      0%         5d1       100%        9
 Polar Vortex             Ice            0%         N/A       100%        9
 Cigotuvi's Dreadful Rot  Necr/Pois/Air  Unusable   N/A       N/A         2
 Sublimation of Blood     Necr           Unusable   N/A       N/A         2

Dungeon Overview and Level Annotations

Branches:
Dungeon (11/15)            Temple (1/1) D:7            Lair (5/5) D:9
  Swamp (4/4) Lair:3       Spider (2/4) Lair:2        Slime (0/5) Lair:5
    Orc (2/2) D:10            Elf (0/3) Orc:2         IceCv (visited)

Altars:
Ashenzari
Cheibriados
Dithmenos
Elyvilon
Fedhas
Gozag
Hepliaklqana
Kikubaaqudgha
Makhleb
Nemelex Xobeh
Okawaru
Qazlal
Ru
Sif Muna
Trog
Uskayaw
Vehumet
Wu Jian
Xom
Yredelemnul
Zin
The Shining One

Shops:
D:6 =[=*   D:7 ?   Orc:2 =(:?


Innate Abilities, Weirdness & Mutations

You are immune to sickness and miasma.
Your stone body is resilient. (AC +12)
You are immune to poison.
Your large and strong wings let you fly.
You resist negative energy. (rN+)
You are resistant to electric shocks. (rElec)
You are resistant to unholy torment.
You are immune to petrification.


Message History

The tarantella touches you but does no damage.
The emperor scorpion stings you! The emperor scorpion claws you. x2
The radroach misses you. x2
Unknown command.
You barely miss the emperor scorpion.
The emperor scorpion is severely wounded.
The tarantella touches you but does no damage.
The emperor scorpion stings you but does no damage.
The emperor scorpion completely misses you.
The emperor scorpion claws you but does no damage.
You block the tarantella's attack. The radroach completely misses you.
The radroach claws you but does no damage.
You hit the emperor scorpion.
Lightning courses through the emperor scorpion!
The emperor scorpion is almost dead.
The emperor scorpion stings you but does no damage.
The emperor scorpion claws you but does no damage. x2
The tarantella touches you!
You are confused.
Unknown command.
Unknown command.
You bump into the rock wall.
The emperor scorpion stings you but does no damage.
The emperor scorpion claws you but does no damage.
The emperor scorpion misses you.
The tarantella touches you but does no damage.
The radroach erupts in a fountain of uncontrolled magic!
You are blasted with magical radiation!!!
* * * LOW HITPOINT WARNING * * *
You are lightly contaminated with residual magic.
Unknown command.
You sock the radroach! Lightning courses through the radroach!
The radroach is moderately wounded.
The tarantella touches you but does no damage.
The emperor scorpion stings you!
* * * LOW HITPOINT WARNING * * *
The emperor scorpion misses you. The emperor scorpion barely misses you.
The radroach erupts in a fountain of uncontrolled magic!
You are blasted with magical radiation!!
You die...

#...........^...######.#..#..
##..........####^# #.##..##.
###..........#### ###..###.
#............^# #.### ##
###.........### ###
##.......## ##.^)...##
#.##.#ss.# #..###@.## ####
##B# ###


You could see an emperor scorpion, a radroach and a tarantella.

Vanquished Creatures
  the Lernaean hydra (Swamp:4)
  A tentacled monstrosity (Swamp:2)
  A thorn hunter (Swamp:2)
  Aizul (Swamp:3)
  A ghost moth (Spider:1)
  A frost giant (IceCv)
  An orc warlord (Orc:1)
  2 ghouls (Swamp:3)
  A broodmother (Spider:1)
  7 eleionomae
  A spark wasp (Spider:1)
  Snorg (D:10)
  2 entropy weavers (Spider:1)
  13 hydras
  Fannar (D:10)
  5 alligators
  A centaur warrior (D:8)
  A merfolk avatar (Lair:5)
  12 two-headed ogres
  A boulder beetle (D:9)
  An ogre mage (Orc:1)
  2 radroaches (Spider:1)
  The ghost of Prykner the Geomancer, a journeyman GrEE of Vehumet (Lair:2)
  2 demonic crawlers (Spider:1)
  5 death yaks (IceCv)
  An orc high priest (Orc:2)
  A spriggan berserker (Swamp:4)
  2 skysharks
  14 spriggans
  5 goliath frogs
  3 spriggan druids
  A sun moth (Spider:1)
  15 swamp dragons
  An orb spider (Spider:1)
  A lindwurm (D:9)
  7 bog bodies
  A harpy (Lair:5)
  A steelbarb worm (Spider:1)
  2 ugly things
  An oklob plant (Lair:4)
  A manticore (D:8)
  A wolf spider (Spider:1)
  5 orc sorcerers (Orc:2)
  4 will-o-the-wisps
  A moth of wrath (Spider:1)
  Joseph (D:8)
  5 elephants (Lair:4)
  2 torpor snails
  An ice statue (IceCv)
  3 black mambas
  Maurice (D:8)
  A gargoyle (D:7)
  An unseen horror (D:11)
  Maggie (D:7)
  10 cane toads
  An efreet (D:11)
  6 rime drakes
  12 komodo dragons
  A meliai (Lair:2)
  A bloated husk (Swamp:1)
  10 polar bears
  A queen bee (Lair:2)
  3 tarantellas (Spider:1)
  18 hornets
  7 tyrant leeches
  17 blink frogs
  4 trolls
  Grinder (D:5)
  A wind drake (Lair:5)
  Prince Ribbit (D:6)
  8 dream sheep
  3 jumping spiders
  3 slime creatures
  A shadow (D:10)
  A vampire (D:11)
  3 culicivoras (Spider:1)
  3 wraiths
  5 wyverns
  87 yaks
  4 basilisks
  Grum (Lair:1)
  4 steam dragons
  18 redbacks
  6 vampire mosquitoes
  4 wargs
  16 swamp worms
  An acid dragon (D:7)
  9 water moccasins
  Duvessa (D:5)
  6 swamp drakes
  27 orc warriors
  6 black bears
  8 sky beasts
  2 ice beasts (D:6)
  8 ogres
  45 wolves
  3 centaurs
  2 kobold brigands
  A necrophage (Swamp:3)
  10 bullfrogs
  3 gnoll sergeants
  A scorpion (D:6)
  4 wights
  Dowan (D:5)
  10 killer bees
  3 howler monkeys
  3 electric eels (Lair:3)
  2 lava snakes (D:9)
  A crimson imp (D:5)
  23 orc priests
  2 gnoll boudas
  2 hounds
  3 jellies (Lair:5)
  Ijyb (D:3)
  2 iguanas (D:6)
  32 orc wizards
  6 adders
  21 gnolls
  A shadow imp (D:8)
  15 white imps
  4 worms
  2 dart slugs
  73 orcs
  5 ball pythons
  7 endoplasms
  2 giant cockroaches
  14 goblins
  7 hobgoblins
  5 jackals
  A quokka (D:3)
  6 bats
  4 frilled lizards
  11 kobolds
  5 rats
822 creatures vanquished.

Vanquished Creatures (collateral kills)
  2 swamp dragons (Swamp:4)
  A will-o-the-wisp (Swamp:4)
  A komodo dragon (Lair:5)
  A polar bear (Lair:5)
  A snapping turtle (Lair:5)
  A steam dragon (Lair:5)
  2 swamp drakes (Swamp:4)
9 creatures vanquished.

Vanquished Creatures (others)
  A polar bear (IceCv)
  5 bloated husks
  A hornet (Lair:5)
  A wight (D:7)
  39 foxfires
47 creatures vanquished.

Grand Total: 878 creatures vanquished

Notes
Turn   | Place    | Note
-------+----------+-------------------------------------------
     0 | D:1      | CrazyBamboolord the Gargoyle Fighter began the quest for
                  | the Orb.
     0 | D:1      | Reached XP level 1. HP: 14/14 MP: 1/1
   138 | D:1      | Reached XP level 2. HP: 19/19 MP: 2/2
   542 | D:1      | Reached XP level 3. HP: 23/23 MP: 3/3
   874 | D:2      | Found a faded altar of an unknown god.
  1157 | D:2      | Reached XP level 4. HP: 29/29 MP: 4/4
  1547 | D:3      | Identified the +1 ring mail of Orthodoxy {Str+4 Int-3
                  | Stlth+}
  1678 | D:3      | Reached XP level 5. HP: 33/33 MP: 5/5
  1722 | D:3      | Noticed Ijyb
  1742 | D:3      | Killed Ijyb
  2050 | D:3      | Found a shimmering blue altar of Sif Muna.
  2767 | D:4      | Found a hide-covered altar of Uskayaw.
  2930 | D:5      | Entered Level 5 of the Dungeon
  2964 | D:5      | Noticed a black bear
  2981 | D:5      | Killed a black bear
  2982 | D:5      | Reached skill level 5 in Fighting
  2982 | D:5      | Reached XP level 6. HP: 30/40 MP: 6/6
  3096 | D:5      | Noticed Grinder
  3110 | D:5      | Killed Grinder
  3111 | D:5      | Reached skill level 5 in Armour
  3111 | D:5      | Reached XP level 7. HP: 44/44 MP: 7/7
  3389 | D:5      | Noticed Dowan
  3390 | D:5      | Noticed Duvessa
  3403 | D:5      | Killed Dowan
  3542 | D:5      | Killed Duvessa
  3770 | D:6      | Reached skill level 5 in Maces & Flails
  3770 | D:6      | Reached skill level 5 in Shields
  3770 | D:6      | Reached XP level 8. HP: 51/51 MP: 8/8
  3827 | D:6      | Found Kosol's CLEARANCE SALE!.
  3866 | D:6      | Bought a scroll of enchant weapon for 45 gold pieces
  3866 | D:6      | Bought a scroll of identify for 12 gold pieces
  4230 | D:6      | Found a white marble altar of Elyvilon.
  4285 | D:6      | Found Rixi Ast's Jewellery Shoppe.
  4287 | D:6      | Found Qudymp's Armour Shoppe.
  4322 | D:6      | Became a worshipper of Elyvilon the Healer
  4358 | D:6      | Found Restrept's Jewellery Shoppe.
  4702 | D:6      | Found a hazy altar of Hepliaklqana.
  4963 | D:6      | Found an ornate altar of the Wu Jian Council.
  4967 | D:6      | Found a sparkling altar of Nemelex Xobeh.
  4972 | D:6      | Found a sacrificial altar of Ru.
  5035 | D:7      | Noticed Prince Ribbit
  5052 | D:6      | Reached skill level 1 in Invocations
  5052 | D:6      | Reached XP level 9. HP: 53/57 MP: 9/9
  5078 | D:6      | Killed Prince Ribbit
  5115 | D:7      | Noticed a komodo dragon
  5128 | D:6      | Killed a komodo dragon
  5203 | D:7      | Reached * piety under Elyvilon
  5212 | D:7      | Noticed a troll
  5262 | D:7      | Found Busopsyfys's Magic Scroll Shoppe.
  5265 | D:7      | Bought a scroll of teleportation for 36 gold pieces
  5265 | D:7      | Bought a scroll of teleportation for 36 gold pieces
  5265 | D:7      | Bought a scroll of revelation for 90 gold pieces
  5265 | D:7      | Bought a scroll of enchant weapon for 90 gold pieces
  5265 | D:7      | Bought a scroll of teleportation for 36 gold pieces
  5295 | D:7      | Found a staircase to the Ecumenical Temple.
  5307 | Temple   | Entered the Ecumenical Temple
  5338 | Temple   | Fell from the grace of Elyvilon
  5338 | Temple   | Became a worshipper of the Shining One
  5409 | D:7      | Identified the +9 eveningstar of Abuse {elec, Int+3}
  5424 | D:7      | Noticed a purple ugly thing
  5440 | D:7      | Noticed a two-headed ogre
  5441 | D:7      | Killed a purple ugly thing
  5442 | D:7      | Reached XP level 10. HP: 59/65 MP: 12/12
  5448 | D:7      | Found a blossoming altar of Fedhas.
  5494 | D:7      | Found a broken altar of Ashenzari.
  5499 | D:7      | Found a shadowy altar of Dithmenos.
  5499 | D:7      | Found a shimmering altar of Xom.
  5512 | D:7      | Found an iron altar of Okawaru.
  5624 | D:7      | Noticed a gargoyle
  5638 | D:7      | Killed a gargoyle
  5660 | D:7      | Killed a two-headed ogre
  5788 | D:7      | Found a glowing silver altar of Zin.
  5797 | D:7      | Noticed a two-headed ogre
  5802 | D:7      | Killed a two-headed ogre
  5908 | D:7      | Noticed Maggie
  5908 | D:7      | Reached * piety under the Shining One
  5915 | D:7      | Killed Maggie
  5916 | D:7      | Reached XP level 11. HP: 70/72 MP: 14/14
  6056 | D:7      | Identified the +8 mace of Dust {venom, rPois rF+ Dex+4}
  6058 | D:7      | Identified the +3 buckler of Anaesthesia {rF+ Str+2}
  6269 | D:8      | Identified the "Hustroor"
  6291 | D:8      | Reached skill level 10 in Fighting
  6305 | D:8      | Reached skill level 10 in Armour
  6313 | D:8      | Noticed a manticore
  6322 | D:8      | Identified the +1 demon whip of Ataol Cia {flame, Dex+8}
  6322 | D:8      | Noticed a centaur warrior
  6323 | D:8      | Killed a manticore
  6325 | D:8      | Noticed an eight-headed hydra
  6329 | D:8      | Killed a centaur warrior
  6330 | D:8      | Reached skill level 5 in Invocations
  6335 | D:8      | Killed an eight-headed hydra
  6652 | D:8      | Reached skill level 10 in Shields
  6721 | D:8      | Noticed Joseph
  6730 | D:8      | Killed Joseph
  6840 | D:8      | Noticed Maurice
  6845 | D:8      | Killed Maurice
  7093 | D:6      | Bought a +0 pair of gloves for 54 gold pieces
  7093 | D:6      | Bought a +1 chain mail of cold resistance for 198 gold
                  | pieces
  7357 | D:9      | Identified the +5 rapier "Nethick" {speed, Will++ Int+3
                  | Dex-5}
  7398 | D:9      | Noticed a two-headed ogre
  7407 | D:9      | Killed a two-headed ogre
  7452 | D:9      | Identified the +5 long sword "Sofe" {heavy, Fragile rElec
                  | rCorr}
  7459 | D:9      | Identified the +3 long sword "Transmigrator" {heavy, *Slow
                  | rCorr Str+4 Dex+5}
  7496 | D:9      | Reached XP level 12. HP: 72/80 MP: 16/16
  7501 | D:9      | Reached skill level 10 in Maces & Flails
  7512 | D:9      | Found a runed translucent door.
  7512 | D:9      | Found the +8 whip "Snakebite" {venom, curare, rPois}
  7545 | D:9      | Found a runed translucent gate.
  7546 | D:9      | Found a runed translucent gate.
  7546 | D:9      | Found a runed translucent gate.
  7546 | D:9      | Found a runed translucent gate.
  7546 | D:9      | Found a runed translucent gate.
  7554 | D:9      | Noticed a boulder beetle
  7554 | D:9      | Reached ** piety under the Shining One
  7555 | D:9      | Found a runed translucent gate.
  7628 | D:9      | Noticed a two-headed ogre
  7632 | D:9      | Killed a two-headed ogre
  7816 | D:9      | Found a staircase to the Lair.
  7839 | D:9      | Found a stormy altar of Qazlal.
  8002 | D:10     | Identified the "Napsax"
  8002 | D:10     | Entered Level 10 of the Dungeon
  8028 | D:10     | Found a staircase to the Orcish Mines.
  8228 | D:10     | Noticed Snorg
  8247 | D:10     | Killed Snorg
  8311 | D:10     | Noticed a two-headed ogre
  8318 | D:10     | Killed a two-headed ogre
  8369 | D:10     | Noticed Fannar
  8377 | D:10     | Killed Fannar
  8650 | D:14     | Identified the "Heishem"
  8650 | Lair:1   | Entered Level 1 of the Lair of Beasts
  8708 | Lair:1   | Identified 2 scrolls of acquirement
  8709 | Lair:1   | Acquired 670 gold pieces
  8713 | Lair:1   | Acquired the +1 pair of boots "Mikorgheo" {rCorr Int+8
                  | Dex-3 Stlth-}
  8916 | Lair:1   | Noticed Grum
  8924 | Lair:1   | Killed Grum
  9466 | Lair:2   | Reached XP level 13. HP: 87/87 MP: 18/18
  9672 | Lair:2   | Found a hole to the Spider Nest.
  9728 | Lair:2   | Found a broken altar of Ashenzari.
  9878 | Lair:2   | Found a transporter.
  9884 | Lair:2   | Found a transporter.
  9948 | Lair:2   | Noticed Prykner's ghost (journeyman GrEE)
  9982 | Lair:3   | Reached *** piety under the Shining One
 10103 | Lair:3   | Found a staircase to the Swamp.
 11511 | Lair:4   | Gained mutation: Your large and strong wings let you fly.
                  | [Gargoyle growth]
 11511 | Lair:4   | Reached XP level 14. HP: 93/95 MP: 20/20
 11780 | Lair:5   | Entered Level 5 of the Lair of Beasts
 11820 | Lair:5   | Found a frozen archway.
 11822 | Lair:5   | Reached **** piety under the Shining One
 11861 | IceCv    | Entered an ice cave
 12107 | IceCv    | Noticed a frost giant
 12136 | IceCv    | Killed a frost giant
 12191 | IceCv    | Identified the amulet of Ymai {RegenMP Str+2}
 12393 | IceCv    | Reached ***** piety under the Shining One
 12756 | Lair:5   | Found a staircase to the Slime Pits.
 13468 | D:11     | Reached XP level 15. HP: 84/101 MP: 21/21
 13781 | D:11     | Reached skill level 15 in Fighting
 13959 | D:11     | Found a glowing golden altar of the Shining One.
 14447 | Orc:1    | Entered Level 1 of the Orcish Mines
 14483 | Orc:1    | Reached skill level 15 in Armour
 14995 | Orc:2    | Entered Level 2 of the Orcish Mines
 15294 | Orc:2    | Noticed an orc warlord
 15341 | Orc:1    | Killed an orc warlord
 15495 | Orc:2    | Found a staircase to the Elven Halls.
 15735 | Orc:2    | Reached ****** piety under the Shining One
 15880 | Orc:2    | Found Ruocumof's Jewellery Shop.
 15880 | Orc:2    | Found Nerpheu's Book Boutique.
 15886 | Orc:2    | Found Plog's Magic Scroll Boutique.
 15888 | Orc:2    | Found Calurafu's Weapon Shop.
 15892 | Orc:2    | Bought a scroll of fog for 44 gold pieces
 15892 | Orc:2    | Bought 2 scrolls of blinking for 165 gold pieces
 16307 | Orc:2    | Bought the ring "Caowywk" {+Blink Fly rC+ Will+} for 485
                  | gold pieces
 16452 | D:9      | Identified the ring of Lugonu, Gnashing {Fly rElec Will-
                  | Dex+6 Stlth+}
 16610 | Lair:2   | Killed Prykner's ghost
 16628 | Lair:2   | Identified the ring "Laawougig" {rC+ MP+9 EV+5 Dex+2}
 16965 | Swamp:1  | Entered Level 1 of the Swamp
 17355 | Swamp:1  | Reached skill level 10 in Invocations
 17639 | Swamp:2  | Noticed a thorn hunter
 17644 | Swamp:2  | Noticed a tentacled monstrosity
 17699 | Swamp:2  | Killed a thorn hunter
 17700 | Swamp:2  | Reached skill level 15 in Shields
 17739 | Swamp:2  | Killed a tentacled monstrosity
 17740 | Swamp:2  | Reached XP level 16. HP: 110/110 MP: 23/23
 18471 | Swamp:3  | Identified the +9 glaive of Ignis's Esteem {elec, rF- rN+
                  | Str+5}
 18627 | Swamp:3  | Reached skill level 15 in Maces & Flails
 18755 | Swamp:4  | Entered Level 4 of the Swamp
 18855 | Swamp:4  | Identified the serpent talisman of the Old and Reckless
                  | {Str+6}
 18855 | Swamp:4  | Noticed Aizul
 19021 | Swamp:3  | Killed Aizul
 19302 | Swamp:4  | Noticed the 27-headed Lernaean hydra
 19606 | Swamp:4  | Killed the 27-headed Lernaean hydra
 19626 | Swamp:4  | Reached XP level 17. HP: 77/117 MP: 22/25
 19780 | Swamp:4  | Got a decaying rune of Zot
 20086 | Spider:1 | Entered Level 1 of the Spider Nest
 20370 | Spider:1 | Identified the +2 robe of Ziej Valy {-Cast rC+ rCorr}
 21047 | Spider:1 | Mangled by a radroach

Illustrated notes

Levels and vault maps discovered:
D:1:      noname_arrival_rooms_in_the_neighbourhood, layout_basic,
          minmay_ruptured
D:2:      layout_rooms, shapermc_ecumenical_altar_starsandcircs,
          minmay_crystal_room, st_stairs_13, moated_statue,
          dreamdust_wishing_well, minmay_pentomino_o2
D:3:      kennysheep_goblin_castle, layout_rooms, hellmonk_sif_muna_bookshelves,
          minmay_pentangle
D:4:      layout_gridville, nicolae_uskayaw_murder_on_the_dancefloor, uniq_ijyb
D:5:      layout_basic, minmay_strange_pillars, minmay_fire_ice_demons,
          uniq_duvessa, uniq_grinder
D:6:      layout_gridville, minmay_overflow_temple_star_quad,
          mainiacjoe_overflow_surrounded_room, mainiacjoe_overflow_alcove_4,
          nicolae_shop_distant_corner_stores, nicolae_shop_clearance
D:7:      minmay_the_grid_plus [minmay_the_grid_garden,
          minmay_the_grid_large_cup, minmay_the_grid_mess,
          minmay_the_grid_dragon_b, minmay_the_grid_prize_trominoes],
          layout_rooms, minmay_overflow_temple_star_hex,
          mainiacjoe_overflow_six_doors_small, temple_hall, serial_shops,
          nicolae_shop_rolled_up, chequers_jeans, uniq_maggie,
          uniq_prince_ribbit1
D:8:      layout_rooms, minmay_pinched_square, uniq_maurice, uniq_joseph
D:9:      gammafunk_indiana_jones, layout_cave_pools,
          mainiacjoe_overflow_alcove_2, nicolae_twisty_statue_hallways
D:10:     layout_basic, orc_0_dummy, uniq_fannar, uniq_snorg
D:11:     layout_stronghold, eino_small_chamber_without_monster,
          chequers_serial_rivers_micro_e, minmay_misc_feat_tower, tso_altar
Temple:   hellmonk_temple_beads
Lair:1:   layout_loops_ring, serial_bayou_shore_a, uniq_grum
Lair:2:   layout_regular_city, dummy_spider_entry, basic_altar,
          gammafunk_ghost_hive
Lair:3:   layout_hall_layers, nicolae_swamp_entry_splash_gauntlet,
          pdpol_lair_cavern_descent, lemuel_fruit_fields
Lair:4:   layout_hall_layers, grunt_megastairs_5, lemuel_fruit_fields,
          serial_bayou_shore_b
Lair:5:   gammafunk_lair_ancient_temple, layout_regular_city,
          minmay_slime_entry_pillars, portal_ice_cave_entry_imps,
          infiniplex_staircase_pool_2
Swamp:1:  layout_basic_swamp, serial_swamp_ruin, evilmike_swamp_ruin_house_1,
          evilmike_swamp_ruin_house_3
Swamp:2:  layout_basic_swamp, hangedman_swamp_ruin_wall
Swamp:3:  layout_basic_swamp, nicolae_swamp_oxbows, swamp_pool_1_2
Swamp:4:  swamp_old_school, layout_basic_swamp, swamp_pool_1_2,
          nicolae_swamp_super_fun_site, uniq_aizul
Spider:1: layout_spider_delve, hellmonk_motheaten_closet
Spider:2: layout_spider_delve
Orc:1:    layout_caves
Orc:2:    st_orc_mages, layout_diamond_mine

Skill      XL: |  1  2  3  4  5  6  7  8  9 10 11 12 13 14 15 16 17 |
---------------+----------------------------------------------------+-----
Fighting       | 4 5 6 7 8 9 11 12 13 14 16 17 | 17.3
Armour         | 4 5 6 7 8 9 11 12 13 14 15 16 17 | 17.3
Maces & Flails | 3 4 5 6 7 8 9 11 12 13 14 15 | 15.8
Shields        | 4 5 6 7 9 10 11 13 14 15 | 15.8
Invocations    | 1 3 4 5 7 8 9 10 11 | 11.3

Action                     |  1- 3 |  4- 6 |  7- 9 | 10-12 | 13-15 | 16-18 || total
---------------------------+-------+-------+-------+-------+-------+-------++-------
  Melee: Flail             |   116 |   156 |       |       |       |       ||   272
         Mace              |       |    74 |   242 |       |       |       ||   316
         Morningstar       |       |       |    71 |    92 |       |       ||   163
         Eveningstar       |       |       |       |   312 |  1084 |   461 ||  1857
 Invoke: Divine Shield     |       |       |       |     1 |       |       ||     1
         Summon Divine War |       |       |       |       |     1 |     2 ||     3
  Evoke: Wand              |       |       |     7 |     1 |       |       ||     8
    Use: Scroll            |       |     2 |     6 |    10 |    11 |     4 ||    33
         Potion            |       |     2 |       |     1 |     2 |       ||     5
   Stab: Sleeping          |       |     2 |     1 |       |       |       ||     3
 Armour: Scale mail        |    73 |    41 |       |       |       |       ||   114
         Ring mail         |       |   118 |   206 |    95 |       |       ||   419
         Steam dragon scal |       |       |       |    78 |       |       ||    78
         Chain mail        |       |       |       |   130 |   810 |   532 ||  1472
  Dodge: Dodged            |    56 |   228 |   243 |   255 |   607 |   301 ||  1690
  Block: Buckler           |    34 |    71 |    82 |   163 |   563 |   263 ||  1176

Table legend: (Time is in decaauts)
 A = Elapsed time spent in this place.
 B = Non-inter-level travel time spent in this place.
 C = Inter-level travel time spent in this place.
 D = Time resting spent in this place.
 E = Time spent auto-exploring this place.
 F = Levels seen in this place.
 G = Mean time per level.
                   A        B        C        D        E       F      G
               +--------+--------+--------+--------+--------+-----+--------+
         Total |  20991 |  19019 |   1972 |   1161 |  11593 |  26 |  807.3 |
       Dungeon |  10040 |   8940 |   1100 |    276 |   5803 |  11 |  912.7 |
        Temple |     62 |      2 |     60 |      0 |      0 |   1 |   62.0 |
          Lair |   4638 |   4208 |    430 |     65 |   3037 |   5 |  927.6 |
         Swamp |   2984 |   2778 |    206 |    392 |   1484 |   4 |  746.0 |
   Spider Nest |    923 |    904 |     19 |    185 |    513 |   2 |  461.5 |
  Orcish Mines |   1784 |   1629 |    155 |    228 |    755 |   2 |  892.0 |
      Ice Cave |    556 |    556 |      0 |     15 |      0 |   1 |  556.0 |
               +--------+--------+--------+--------+--------+-----+--------+

Top non-repeatable levels by time:
     D:6: 1397 daAuts
   Orc:2: 1274 daAuts
     D:7: 1166 daAuts
  Lair:2: 1021 daAuts
    D:11: 1020 daAuts
  Lair:4: 980 daAuts
     D:5: 979 daAuts
  Lair:5: 927 daAuts
Spider:1: 918 daAuts
  Lair:3: 906 daAuts
 Swamp:4: 891 daAuts
     D:1: 880 daAuts
     D:8: 861 daAuts
     D:3: 852 daAuts
     D:9: 843 daAuts
